 Dungeon Crawl Stone Soup version 0.22-a0-136-g83a10e5 (webtiles) character file.

263 Lathuz the Magician (level 5, -11/28 HPs)
             Began as a Deep Elf Fire Elementalist on Feb 2, 2018.
             Killed by divine providence
             ... invoked by an orc priest
              (14 damage)
             ... on level 3 of the Dungeon.
             The game lasted 00:05:49 (3472 turns).

Lathuz the Magician (Deep Elf Fire Elementalist)    Turns: 3472, Time: 00:05:50

Health: -11/28     AC:  2    Str:  5    XL:     5   Next: 98%
Magic:  0/14       EV: 13    Int: 21    God:
Gold:   103        SH:  0    Dex: 15    Spells: 3/13 levels left

rFire    . . .     SeeInvis .   o - +0 dagger
rCold    . . .     Gourm    .   (no shield)
rNeg     . . .     Faith    .   a - +0 robe
rPois    .         Spirit   .   (no helmet)
rElec    .         Reflect  .   (no cloak)
rCorr    .         Harm     .   (no gloves)
MR       .....                  (no boots)
Stlth    ++........             (no amulet)
HPRegen  0.09/turn              (no ring)
MPRegen  0.14/turn              (no ring)

@: very slightly contaminated
A: no striking features
a: no special abilities


You were on level 3 of the Dungeon.
You were very hungry.

You visited 1 branch of the dungeon, and saw 3 of its levels.

You collected 103 gold pieces.

Inventory:

Hand Weapons
 o - a +0 dagger (weapon)
Missiles
 f - 17 stones (quivered)
Armour
 a - a +0 robe (worn)
Scrolls
 e - a scroll of remove curse {unknown}
 g - 2 scrolls of identify {unknown}
 h - a scroll of amnesia {unknown}
 j - a scroll of magic mapping {unknown}
 k - a scroll of fog {unknown}
 l - 3 scrolls of teleportation {unknown}
 m - 4 scrolls of enchant weapon {unknown}
Potions
 i - a potion of lignification {unknown}
 n - a potion of magic {unknown}
Books
 b - a book of Flames

   Spells                             Type                      Level
   a - Flame Tongue                   Conjuration/Fire             1
   b - Throw Flame                    Conjuration/Fire             2
   c - Conjure Flame                  Conjuration/Fire             3
   d - Inner Flame                    Hexes/Fire                   3
   e - Sticky Flame                   Conjuration/Fire             4
   f - Fireball                       Conjuration/Fire             5
Comestibles
 c - 5 rations


   Skills:
 - Level 2.4 Dodging
 - Level 2.4 Stealth
 + Level 4.9 Spellcasting
 * Level 4.6 Conjurations
 + Level 4.6 Fire Magic


You had 3 spell levels left.
You knew the following spells:

 Your Spells              Type           Power        Failure   Level  Hunger
a - Flame Tongue          Conj/Fire      ###..        1%          1    None
b - Throw Flame           Conj/Fire      ###...       2%          2    None
c - Conjure Flame         Conj/Fire      ###.....     4%          3    ##.....
d - Sticky Flame          Conj/Fire      ###.....     16%         4    ####...


Dungeon Overview and Level Annotations

Branches:
Dungeon (3/15)

Altars:
Trog


Message History

You closely miss the orc priest.
The orc priest is almost dead.
The orc priest misses you.
You hit the orc priest but do no damage.
The orc priest is almost dead.
The orc priest closely misses you.
You hit the orc priest but do no damage.
The orc priest is almost dead.
The orc priest casts a cantrip, but nothing happens.
You hit the orc priest but do no damage.
The orc priest is almost dead.
The orc priest calls down the wrath of Beogh upon you.
Pain shoots through your body!
* * * LOW HITPOINT WARNING * * *
You hit the orc priest but do no damage.
The orc priest is almost dead.
The orc priest mumbles some strange prayers to Beogh against you.
Beogh smites you!
Ouch! That really hurt!
You die...

##.##.#.#.
#...........
#######...........
#...............##
#.####...........#
. #.#
#...........#....
#.#
#.####......#....
#.#
#.##.............
#.#
#.@o............
#<#
####.........>..
### ###.#.#..#.##
#.#.#..# #.#....#
#.#.#.#.....
....#.# ...
#.#.#.# . .o.....#


You could see an orc priest.

Vanquished Creatures
  The ghost of anet the Magician, an amateur DEWz (D:3)
  Natasha (thrice) (D:2)
  A hound skeleton (D:2)
  A worm (D:2)
  2 dart slugs (D:2)
  A leopard gecko (D:2)
  3 orcs (D:3)
  3 giant cockroaches
  8 goblins
  5 hobgoblins
  9 jackals
  6 kobolds
  A quokka (D:3)
  2 ball pythons
  5 bats
  4 frilled lizards
  6 rats
61 creatures vanquished.

Notes
Turn   | Place    | Note
-------+----------+-------------------------------------------
     0 | D:1      | Lathuz the Deep Elf Fire Elementalist began the quest for the Orb.
     0 | D:1      | Reached XP level 1. HP: 10/10 MP: 6/6
   175 | D:1      | Reached XP level 2. HP: 15/15 MP: 2/8
   206 | D:1      | Learned a level 2 spell: Throw Flame
  1175 | D:2      | Reached XP level 3. HP: 19/19 MP: 0/10
  1180 | D:2      | Learned a level 3 spell: Conjure Flame
  1870 | D:2      | Noticed Natasha
  1872 | D:2      | Killed Natasha
  1872 | D:2      | Reached XP level 4. HP: 7/24 MP: 8/12
  2231 | D:2      | Learned a level 4 spell: Sticky Flame
  2461 | D:2      | Found a bloodstained altar of Trog.
  2540 | D:2      | Noticed Natasha
  2542 | D:2      | Killed Natasha
  2805 | D:2      | Noticed Natasha
  2809 | D:2      | Killed Natasha
  2809 | D:2      | Reached XP level 5. HP: 22/28 MP: 2/13
  2969 | D:3      | Noticed anet's ghost (amateur DEWz)
  3371 | D:3      | Killed anet's ghost
  3472 | D:3      | Killed from afar by an orc priest

Vault maps used:
D:1:      elethiomel_arrival_maze
D:2:      lightli_temple_of_fire, first_ration, nrook_loot_triangle,
          uniq_natasha
D:3:      kennysheep_pointless_box

Skill      XL: |  1  2  3  4  5 |
---------------+----------------+-----
Conjurations   | 2 3 4 |  4.6
Spellcasting   | 4 |  4.9
Fire Magic     | 4 |  4.6
Dodging        | |  2.4
Stealth        | |  2.4

Action                   |  1- 3 |  4- 6 || total
-------------------------+-------+-------++-------
Melee: Dagger            |     4 |    12 ||    16
Throw: Stone             |     1 |       ||     1
 Cast: Flame Tongue      |    36 |    21 ||    57
       Throw Flame       |    38 |    21 ||    59
       Sticky Flame      |       |     2 ||     2
  Eat: Chunk             |     4 |     4 ||     8
Armor: Robe              |     2 |       ||     2
Dodge: Dodged            |     6 |    10 ||    16

Table legend:
 A = Spawn XP
 B = Non-spawn XP
 C = Spawn XP percentage of total XP
 D = Spawn monster count
 E = Non-spawn monster count
 F = Spawn count percentage of total count
 G = Total turns spent on level
                    A         B        C        D         E        F      G
               +---------+---------+-------+---------+---------+-------+---------
         Total |       0 |     377 |   0.0 |       0 |      61 |   0.0 |  3472
               +---------+---------+-------+---------+---------+-------+---------
           D:1 |       0 |      38 |   0.0 |       0 |      25 |   0.0 |  1145
           D:2 |       0 |     178 |   0.0 |       0 |      30 |   0.0 |  2134
           D:3 |       0 |     161 |   0.0 |       0 |       6 |   0.0 |   193
               +---------+---------+-------+---------+---------+-------+---------
